3L
PHILADELPHIA 1776 BC @ D.C. DIVIDED
09/19/2021
 
TOP OF THE 1ST
Philadelphia 1776 BC batting - Pitching for D.C. Divided : RHP José Alaniz
Pitching: RHP José Alaniz
Batting: RHB Jesús Orozco 0-0: Swinging Strike
0-1: Ground out 4-3 (Groundball, 4M)
Batting: LHB Sébastien Rolland 0-0: Swinging Strike
0-1: Called Strike
0-2: Ball
1-2: Foul Ball, location: 2F
1-2: Ground out 4-3 (Groundball, 4)
Batting: LHB Chris Nelson 0-0: Swinging Strike
0-1: Foul Ball, location: 2F
0-2: SINGLE (Line Drive, 7S)
Batting: RHB Gil Moore 0-0: Ball
1-0: Called Strike
1-1: Ball
2-1: Foul Ball, location: 2F
2-2: Foul Ball, location: 2F
2-2: Ball
3-2: Foul Ball, location: 2F
3-2: Foul Ball, location: 2F
3-2: SINGLE (Line Drive, 89S)
Chris Nelson to second
Chris Nelson to third
Batting: RHB Yuji Ine 0-0: Ground out 1-3 (Groundball, 13S)
Top of the 1st over - 0 run(s), 2 hit(s), 0 error(s), 2 left on base; Philadelphia 1776 0 - D.C. 0
BOTTOM OF THE 1ST
D.C. Divided batting - Pitching for Philadelphia 1776 BC : LHP Randy Hoffman
Pitching: LHP Randy Hoffman
Batting: RHB Brett Robinson 0-0: Ball
1-0: Ball
2-0: Fly out, F6 (Line Drive, 6)
Batting: RHB Duncan Thomas 0-0: Called Strike
0-1: Called Strike
0-2: Ground out 6-3 (Groundball, 6)
Batting: RHB Lúcio López 0-0: Ball
1-0: Foul Ball, location: 2F
1-1: Ball
2-1: SINGLE (Groundball, 4D)
Batting: LHB Félix Pérez 0-0: Ball
1-0: Foul Ball, location: 2F
1-1: Called Strike
1-2: Ball
2-2: Foul Ball, location: 2F
2-2: Ball
3-2: Fly out, F8 (Flyball, 8RD)
Bottom of the 1st over - 0 run(s), 1 hit(s), 0 error(s), 1 left on base; Philadelphia 1776 0 - D.C. 0
TOP OF THE 2ND
Philadelphia 1776 BC batting - Pitching for D.C. Divided : RHP José Alaniz
Batting: LHB Manuel García 0-0: SINGLE (Line Drive, 89S)
Batting: RHB Cris López 0-0: Called Strike
0-1: Ball
1-1: Foul Ball, location: 2F
1-2: Ball
2-2: Foul Ball, location: 2F
2-2: Foul Ball, location: 2F
2-2: Foul Ball, location: 2F
2-2: Foul Ball, location: 2F
2-2: Grounds into double play, 4-6-3 (Groundball, 34)
Batting: RHB Dave Knight 0-0: Ball
1-0: Called Strike
1-1: Ball
2-1: Ball
3-1: Fly out, F7 (Flyball, 7M)
Top of the 2nd over - 0 run(s), 1 hit(s), 0 error(s), 0 left on base; Philadelphia 1776 0 - D.C. 0
BOTTOM OF THE 2ND
D.C. Divided batting - Pitching for Philadelphia 1776 BC : LHP Randy Hoffman
Batting: RHB Gustavo Mateo 0-0: Called Strike
0-1: Ground out 6-3 (Groundball, 6)
Batting: LHB Mike Gardner 0-0: Foul Ball, location: 2F
0-1: Called Strike
0-2: Ball
1-2: Ball
2-2: Ball
3-2: Ground out 5-3 (Groundball, 56S)
Batting: RHB Jonathan Widdop 0-0: Called Strike
0-1: Ball
1-1: Called Strike
1-2: Ball
2-2: Ground out 4-3 (Groundball, 4)
Bottom of the 2nd over - 0 run(s), 0 hit(s), 0 error(s), 0 left on base; Philadelphia 1776 0 - D.C. 0
TOP OF THE 3RD
Philadelphia 1776 BC batting - Pitching for D.C. Divided : RHP José Alaniz
Batting: RHB António Granados 0-0: Called Strike
0-1: Ball
1-1: Swinging Strike
1-2: Fly out, F9 (Flyball, 9S)
Batting: RHB Jesús Orozco 0-0: Ball
1-0: Ball
2-0: Called Strike
2-1: Ball
3-1: Ground out 6-3 (Groundball, 6M)
Batting: LHB Sébastien Rolland 0-0: Swinging Strike
0-1: Called Strike
0-2: Ball
1-2: Ground out 5-3 (Groundball, 56)
Top of the 3rd over - 0 run(s), 0 hit(s), 0 error(s), 0 left on base; Philadelphia 1776 0 - D.C. 0
BOTTOM OF THE 3RD
D.C. Divided batting - Pitching for Philadelphia 1776 BC : LHP Randy Hoffman
Batting: RHB Justin Saginov 0-0: Called Strike
0-1: Fly out, F9 (Flyball, 89S)
Batting: LHB Charles Mathes 0-0: Ball
1-0: Called Strike
1-1: Ball
2-1: Ground out 6-3 (Groundball, 56)
Batting: RHB Brett Robinson 0-0: Called Strike
0-1: Ball
1-1: SINGLE (Groundball, 6MS) (infield hit)
Batting: RHB Duncan Thomas 0-0: Ball
1-0: Called Strike
1-1: Ball
2-1: Fly out, F9 (Flyball, 89D)
Bottom of the 3rd over - 0 run(s), 1 hit(s), 0 error(s), 1 left on base; Philadelphia 1776 0 - D.C. 0
TOP OF THE 4TH
Philadelphia 1776 BC batting - Pitching for D.C. Divided : RHP José Alaniz
Batting: LHB Chris Nelson 0-0: Ball
1-0: Called Strike
1-1: Reached on error, E3 (Groundball, 3)
Batting: RHB Gil Moore 0-0: Ball
1-0: Ball
2-0: Called Strike
2-1: Ground out 4-3 (Groundball, 4M)
Chris Nelson to second
Batting: RHB Yuji Ine 0-0: Called Strike
0-1: Ball
1-1: SINGLE (Flyball, 8LS)
Chris Nelson to third
Batting: LHB Manuel García 0-0: SINGLE (Groundball, 56D)
Chris Nelson scores
Yuji Ine to second
Batting: RHB Cris López 0-0: Swinging Strike
0-1: Ball
1-1: Fielders Choice at 2nd, 6-4 (Groundball, 6)
Yuji Ine to third
Batting: RHB Dave Knight 0-0: Ball
1-0: Foul Ball, location: 2F
1-1: SINGLE (Groundball, 56D)
Yuji Ine scores
Cris López to second
Batting: RHB António Granados 0-0: Ball
Cris López steals 3rd base
Dave Knight to second
1-0: SINGLE (Groundball, 56)
Cris López scores
Dave Knight to third
Runner from 3rd tries for Home, throw and OUT!
Top of the 4th over - 3 run(s), 4 hit(s), 1 error(s), 1 left on base; Philadelphia 1776 3 - D.C. 0
BOTTOM OF THE 4TH
D.C. Divided batting - Pitching for Philadelphia 1776 BC : LHP Randy Hoffman
Batting: RHB Lúcio López 0-0: Fly out, F5 (Line Drive, 5S)
Batting: LHB Félix Pérez 0-0: Called Strike
0-1: Ball
1-1: Swinging Strike
1-2: Ball
2-2: Foul Ball, location: 2F
2-2: Ball
3-2: Fly out, F8 (Flyball, 8RM)
Batting: RHB Gustavo Mateo 0-0: Ground out 6-3 (Groundball, 6)
Bottom of the 4th over - 0 run(s), 0 hit(s), 0 error(s), 0 left on base; Philadelphia 1776 3 - D.C. 0
TOP OF THE 5TH
Philadelphia 1776 BC batting - Pitching for D.C. Divided : RHP José Alaniz
Batting: RHB Jesús Orozco 0-0: Ball
1-0: Ball
2-0: Called Strike
2-1: Called Strike
2-2: Ball
3-2: Foul Ball, location: 2F
3-2: SINGLE (Line Drive, 8LS)
Batting: LHB Sébastien Rolland 0-0: Ball
1-0: Ball
2-0: Sac Bunt - play at first, batter OUT! 1-4
Jesús Orozco to second
Batting: LHB Chris Nelson 0-0: Ball
1-0: Called Strike
1-1: Foul Ball, location: 2F
1-2: Ball
2-2: Foul Ball, location: 2F
2-2: Strikes out swinging
Batting: RHB Gil Moore 0-0: Swinging Strike
0-1: Ball
1-1: Foul Ball, location: 2F
1-2: Ball
2-2: SINGLE (Flyball, 8LS)
Jesús Orozco to third
Runner from 3rd tries for Home, SAFE, no throw or cutoff
Batting: RHB Yuji Ine 0-0: Ball
1-0: Called Strike
1-1: Ball
2-1: Fielders Choice at 2nd, 5-4 (Groundball, 5)
Top of the 5th over - 1 run(s), 2 hit(s), 0 error(s), 0 left on base; Philadelphia 1776 4 - D.C. 0
BOTTOM OF THE 5TH
D.C. Divided batting - Pitching for Philadelphia 1776 BC : LHP Randy Hoffman
Batting: LHB Mike Gardner 0-0: Called Strike
0-1: Ball
1-1: Ball
2-1: Swinging Strike
2-2: Strikes out looking
Batting: RHB Jonathan Widdop 0-0: Ball
1-0: Ball
2-0: SINGLE (Groundball, 6MD)
Batting: RHB Justin Saginov 0-0: Called Strike
0-1: Swinging Strike
0-2: Ball
1-2: Foul Ball, location: 2F
1-2: Strikes out looking
Batting: LHB Charles Mathes 0-0: Ball
1-0: Called Strike
1-1: Ball
2-1: Swinging Strike
2-2: Ball
3-2: Fly out, F6 (Popup, 6D)
Bottom of the 5th over - 0 run(s), 1 hit(s), 0 error(s), 1 left on base; Philadelphia 1776 4 - D.C. 0
TOP OF THE 6TH
Philadelphia 1776 BC batting - Pitching for D.C. Divided : RHP José Alaniz
Batting: LHB Manuel García 0-0: Called Strike
0-1: Foul Ball, location: 2F
0-2: Strikes out swinging
Batting: RHB Cris López 0-0: Ball
1-0: Called Strike
1-1: Foul Ball, location: 2F
1-2: SINGLE (Line Drive, 34D)
Batting: RHB Dave Knight 0-0: Ball
1-0: Called Strike
Cris López is caught stealing 2nd base
1-1: Ground out 6-3 (Groundball, 6)
Top of the 6th over - 0 run(s), 1 hit(s), 0 error(s), 0 left on base; Philadelphia 1776 4 - D.C. 0
BOTTOM OF THE 6TH
D.C. Divided batting - Pitching for Philadelphia 1776 BC : LHP Randy Hoffman
Batting: RHB Brett Robinson 0-0: Ball
1-0: Ball
2-0: Ball
3-0: Called Strike
3-1: Called Strike
3-2: Base on Balls
Batting: RHB Duncan Thomas 0-0: Ball
1-0: Called Strike
1-1: Ball
2-1: Called Strike
2-2: Fly out, F7 (Flyball, 7S)
Batting: RHB Lúcio López 0-0: Ball
1-0: Hit by Pitch
Brett Robinson to second
Batting: LHB Félix Pérez 0-0: Ball
1-0: Ball
2-0: Ball
3-0: Called Strike
3-1: Called Strike
3-2: Base on Balls
Brett Robinson to third
Lúcio López to second
Batting: RHB Gustavo Mateo 0-0: Called Strike
0-1: Foul Ball, location: 2F
0-2: Strikes out looking
Batting: LHB Mike Gardner 0-0: Foul Ball, location: 2F
0-1: Swinging Strike
0-2: Foul Ball, location: 2F
0-2: Ball
1-2: Strikes out looking
Bottom of the 6th over - 0 run(s), 0 hit(s), 0 error(s), 3 left on base; Philadelphia 1776 4 - D.C. 0
TOP OF THE 7TH
Philadelphia 1776 BC batting - Pitching for D.C. Divided : RHP José Alaniz
Batting: RHB António Granados 0-0: Fly out, F2 (Popup, 2RF)
Batting: RHB Jesús Orozco 0-0: Ball
1-0: Ball
2-0: Called Strike
2-1: Ground out 1-3 (Groundball, 23)
Batting: LHB Sébastien Rolland 0-0: Called Strike
0-1: Ball
1-1: Foul Ball, location: 2F
1-2: Foul Ball, location: 2F
1-2: Ball
2-2: Strikes out swinging
Top of the 7th over - 0 run(s), 0 hit(s), 0 error(s), 0 left on base; Philadelphia 1776 4 - D.C. 0
BOTTOM OF THE 7TH
D.C. Divided batting - Pitching for Philadelphia 1776 BC : LHP Randy Hoffman
Batting: RHB Jonathan Widdop 0-0: Foul Ball, location: 2F
0-1: Ball
1-1: Ball
2-1: Fly out, F7 (Flyball, 7M)
Batting: RHB Justin Saginov 0-0: Foul Ball, location: 2F
0-1: Swinging Strike
0-2: Strikes out swinging
Batting: LHB Charles Mathes 0-0: Ball
1-0: Called Strike
1-1: Called Strike
1-2: Ball
2-2: Fly out, F6 (Line Drive, 6)
Bottom of the 7th over - 0 run(s), 0 hit(s), 0 error(s), 0 left on base; Philadelphia 1776 4 - D.C. 0
TOP OF THE 8TH
Philadelphia 1776 BC batting - Pitching for D.C. Divided : RHP José Alaniz
Batting: LHB Chris Nelson 0-0: SINGLE (Groundball, 3S)
Batting: RHB Gil Moore 0-0: Called Strike
0-1: Foul Ball, location: 2F
0-2: Ground out 4-3 (Groundball, 4M)
Chris Nelson to second
Batting: RHB Yuji Ine 0-0: Intentional Walk
Batting: LHB Manuel García 0-0: Ball
1-0: Ball
2-0: Called Strike
2-1: Swinging Strike
2-2: Strikes out swinging
Batting: RHB Cris López 0-0: Called Strike
0-1: Foul Ball, location: 2F
0-2: Fielders Choice at 2nd, 5-4 (Groundball, 5)
Top of the 8th over - 0 run(s), 1 hit(s), 0 error(s), 1 left on base; Philadelphia 1776 4 - D.C. 0
BOTTOM OF THE 8TH
D.C. Divided batting - Pitching for Philadelphia 1776 BC : LHP Randy Hoffman
Batting: RHB Brett Robinson 0-0: SINGLE (Groundball, 56D)
Batting: RHB Duncan Thomas 0-0: Ball
1-0: Swinging Strike
1-1: Fly out, F8 (Flyball, 89D)
Batting: RHB Lúcio López 0-0: Ball
1-0: SINGLE (Line Drive, 8LS)
Brett Robinson to second
Batting: LHB Félix Pérez 0-0: Fly out, F8 (Flyball, 8RD)
Runner from 2nd tags up, SAFE at 3rd, no throw
Batting: RHB Gustavo Mateo 0-0: Fly out, F9 (Flyball, 9S)
Bottom of the 8th over - 0 run(s), 2 hit(s), 0 error(s), 2 left on base; Philadelphia 1776 4 - D.C. 0
TOP OF THE 9TH
Philadelphia 1776 BC batting - Pitching for D.C. Divided : RHP José Alaniz
Batting: RHB Dave Knight 0-0: Foul Ball, location: 2F
0-1: Ground out 1-3 (Groundball, 13S)
Batting: RHB António Granados 0-0: Foul Ball, location: 2F
0-1: Ball
1-1: Swinging Strike
1-2: Ball
2-2: Foul Ball, location: 2F
2-2: Foul Ball, location: 2F
2-2: Foul Ball, location: 2F
2-2: Strikes out looking
Batting: RHB Jesús Orozco 0-0: Ground out 4-3 (Groundball, 4)
Top of the 9th over - 0 run(s), 0 hit(s), 0 error(s), 0 left on base; Philadelphia 1776 4 - D.C. 0
BOTTOM OF THE 9TH
D.C. Divided batting - Pitching for Philadelphia 1776 BC : LHP Randy Hoffman
Batting: LHB Mike Gardner 0-0: Ball
1-0: Called Strike
1-1: Swinging Strike
1-2: Ball
2-2: Foul Ball, location: 2F
2-2: Ball
3-2: Foul Ball, location: 2F
3-2: Ground out U3 (Groundball, 3L)
Batting: RHB Jonathan Widdop 0-0: Called Strike
0-1: Ball
1-1: Foul Ball, location: 2F
1-2: Ground out 5-3 (Groundball, 5L)
Batting: RHB Justin Saginov 0-0: Ball
1-0: Called Strike
1-1: Ball
2-1: Ball
3-1: Called Strike
3-2: Strikes out looking
Bottom of the 9th over - 0 run(s), 0 hit(s), 0 error(s), 0 left on base; Philadelphia 1776 4 - D.C. 0
This league is powered by Out of the Park Baseball, the baseball management simulation game for PC, Mac and Linux
Friday, January 22nd, 2016 - OOTP Baseball 16.9 Build 39